 Dungeon Crawl Stone Soup version 0.28-a0-984-g3775c662fe (webtiles) character file.

Game seed: 13336832286935930316

19 Twinkles the Ducker (level 2, -1/22 HPs)
             Began as a Djinni Hedge Wizard on Dec 4, 2021.
             Killed from afar by an orc wizard (8 damage)
             ... with a magic dart
             ... on level 2 of the Dungeon.
             The game lasted 00:02:21 (1583 turns).

Twinkles the Ducker (Djinni Hedge Wizard)           Turns: 1583, Time: 00:02:21

Health: -1/22      AC:  2    Str:  9    XL:     2   Next: 95%
Gold:   11         EV: 12    Int: 15    God:
                   SH:  0    Dex: 12

rFire   + + .      SeeInvis .   a - +0 dagger
rCold   x . .      Faith    .   (no shield)
rNeg    . . .      Spirit   .   b - +0 robe
rPois   ∞          Reflect  .   c - +0 hat
rElec   .          Harm     .   (no cloak)
rCorr   .          Rampage  .   (no gloves)
Will    .....                   (boots unavailable)
Stlth   +.........              (no amulet)
HPRegen 0.07/turn               (no ring)
MPRegen 0.00/turn               (no ring)

@: confused, flying
A: sickness immunity, fire resistance 2, cold vulnerability 1, float, innate
caster, hp casting, extra vitality 1
a: no special abilities


You were on level 2 of the Dungeon.
You visited 1 branch of the dungeon, and saw 2 of its levels.

You collected 11 gold pieces.

Inventory:

Hand Weapons
 a - a +0 dagger (weapon)
Missiles
 d - 15 poisoned darts
 s - 27 stones
Armour
 b - a +0 robe (worn)
 c - a +0 hat (worn)
Scrolls
 Z - 2 scrolls of identify


   Skills:
 + Level 1.1 Fighting
 + Level 2.7 Dodging
 - Level 1.5 Stealth
 + Level 2.6 Spellcasting


You couldn't memorise any spells.
You knew the following spells:

 Your Spells              Type           Power      Damage    Failure   Level
a - Magic Dart            Conj           40%        1d5       7%          1
b - Blink                 Tloc           20%        N/A       11%         2
c - Call Imp              Summ           10%        N/A       11%         2
d - Slow                  Hex            40%        N/A       7%          1
e - Conjure Flame         Conj/Fire      10%        6-21      21%         3
f - Mephitic Cloud        Conj/Pois/Air  10%        N/A       21%         3
Your spell library was empty.

Dungeon Overview and Level Annotations

Branches:
Dungeon (2/15)

Altars:


Innate Abilities, Weirdness & Mutations

You are immune to sickness and miasma.
You are immune to poison.
Your flesh is very heat resistant. (rF++)
You are vulnerable to cold. (rC-)
You float through the air rather than walking.
You learn spells naturally, not from books.
Your magical power is your life essence.
You have superior vitality. (+4 HP)


Message History

Z - 2 scrolls of identify An orc wizard comes into view.
It is wielding a +0 dagger.
An orc priest comes into view. It is wielding a +0 hand axe.
The orc priest shouts!
Casting: Magic Dart (safe; 7% risk of failure)
Confirm with . or Enter, or press ? or * to list all spells.
Aiming: Magic Dart (safe; 7% risk of failure)
Press: ? - help, Shift-Dir - straight line, f - orc wizard
Aim: an orc wizard, wielding a +0 dagger and wearing a +0 robe (100% to hit)
The magic dart hits the orc wizard.
The orc wizard is lightly wounded.
You barely miss the orc wizard.
The orc wizard is lightly wounded.
The orc wizard barely misses you.
The orc priest invokes the aid of Beogh against you.
Beogh smites you!
You closely miss the orc wizard.
The orc wizard is lightly wounded.
The orc wizard points at you and mumbles some strange words.
The puff of flame hits you. You resist.
An orc wizard comes into view. It is wielding a +0 dagger.
You barely miss the orc wizard.
The orc wizard is lightly wounded.
The orc wizard closely misses you.
You barely miss the orc wizard.
The orc wizard is lightly wounded.
The orc wizard hits you with a +0 dagger.
You hit the orc wizard but do no damage.
The orc wizard is lightly wounded.
The orc wizard gestures at you while chanting.
You are confused.
You're too confused to move!
The orc wizard barely misses you.
The orc priest miscasts a cantrip.
You're too confused to cast spells.
Unknown command.
You bump into the rock wall.
The orc wizard gestures at you while chanting.
The magic dart hits you!
You die...

##### ##...###
##..)...# #......<#
..........#
###.......###
##........#########
#.........@oo.o...
#.######.#########
# ## ### # ♣♣♣♣ ###
♣.... ..# ♣.....
..# ♣.... #.# ...#
..#♣...#


You could see an orc priest and 2 orc wizards.

Vanquished Creatures
  A worm (D:2)
  A dart slug (D:2)
  2 endoplasms (D:1)
  A giant cockroach (D:1)
  A hobgoblin (D:1)
  2 bats (D:1)
  3 goblins (D:1)
  A kobold (D:1)
  4 rats (D:1)
16 creatures vanquished.

Notes
Turn   | Place    | Note
-------+----------+-------------------------------------------
     0 | D:1      | Twinkles the Djinni Hedge Wizard began the quest for the
                  | Orb.
     0 | D:1      | Reached XP level 1. HP: 15/15 MP: 0/0
   537 | D:1      | Reached XP level 2. HP: 21/22 MP: 0/0
   971 | D:1      | Found a faded altar of an unknown god.
  1253 | D:2      | Reached skill level 1 in Fighting
  1583 | D:2      | Killed from afar by an orc wizard

Illustrated notes

Levels and vault maps discovered:
D:1:      evilmike_arrival_plus, layout_rooms,
          shapermc_ecumenical_altar_mp_vishouse
D:2:      layout_loops_ring, st_stairs_13, kennysheep_generic_room_2

Skill      XL: |  1  2 |
---------------+-------+-----
Fighting       | 1 |  1.1
Dodging        | |  2.7
Stealth        | |  1.5
Spellcasting   | |  2.6

Action                   || total
-------------------------++-------
Melee: Dagger            ||    41
 Cast: Magic Dart        ||    36
  Use: Scroll            ||     1
Armor: Robe              ||     8
Dodge: Dodged            ||    21

Table legend: (Time is in decaauts)
 A = Elapsed time spent in this place.
 B = Non-inter-level travel time spent in this place.
 C = Inter-level travel time spent in this place.
 D = Time resting spent in this place.
 E = Time spent auto-exploring this place.
 F = Levels seen in this place.
 G = Mean time per level.
                   A        B        C        D        E       F      G
               +--------+--------+--------+--------+--------+-----+--------+
         Total |   1583 |   1520 |     63 |    363 |   1002 |   2 |  791.5 |
       Dungeon |   1583 |   1520 |     63 |    363 |   1002 |   2 |  791.5 |
               +--------+--------+--------+--------+--------+-----+--------+

Top non-repeatable levels by time:
     D:1: 1435 daAuts
     D:2: 148 daAuts
